 Dungeon Crawl Stone Soup version 0.27-a0-1347-gd8886f0a89 (webtiles) character file.

Game seed: 16644886751430403265

28 Shayle the Sneak (level 3, -3/31 HPs)
             Began as a Naga Hedge Wizard on June 28, 2021.
             Slain by a worm (8 damage)
             ... on level 2 of the Dungeon.
             The game lasted 00:04:36 (1580 turns).

Shayle the Sneak (Naga Hedge Wizard)                Turns: 1580, Time: 00:04:37

Health: -3/31      AC:  2    Str: 12    XL:     3   Next: 14%
Magic:  7/7        EV: 10    Int: 15    God:
Gold:   68         SH:  0    Dex: 10    Spells: 3/8 levels left

rFire    . . .     SeeInvis +   a - +0 dagger
rCold    . . .     Faith    .   (no shield)
rNeg     . . .     Spirit   .   b - +0 robe
rPois    +         Reflect  .   c - +0 hat
rElec    .         Harm     .   (no cloak)
rCorr    .         Rampage  .   (no gloves)
Will     .....                  (no barding)
Stlth    ++........             (no amulet)
HPRegen  0.10/turn              (no ring)
MPRegen  0.10/turn              (no ring)

@: mighty, very slow
A: AC +1, large, see invisible, deformed body, poison resistance, slowness 2,
spit poison 1, naga tail 1
a: Spit Poison


You were on level 2 of the Dungeon.
You visited 1 branch of the dungeon, and saw 2 of its levels.

You collected 68 gold pieces.

Inventory:

Hand Weapons
 a - a +0 dagger (weapon)
Armour
 b - a +0 robe (worn)
 c - a +0 hat (worn)
Scrolls
 d - a scroll of vulnerability {unknown}
 h - a scroll of brand weapon {unknown}
Potions
 e - a potion of might
 f - a potion of degeneration {unknown}
 g - a potion of heal wounds {unknown}
 i - a potion of berserk rage {unknown}
 j - a potion of attraction {unknown}
 k - a potion of curing {unknown}


   Skills:
 + Level 1.4 Fighting
 + Level 2.0 Dodging
 - Level 3.0 Stealth
 - Level 3.0 Spellcasting
 - Level 1.0 Conjurations
 - Level 1.0 Summonings
 - Level 1.0 Translocations
 + Level 1.5 Invocations


You had 3 spell levels left.
You knew the following spells:

 Your Spells              Type           Power      Damage    Failure   Level
a - Magic Dart            Conj           20%        1d4       13%         1
b - Call Imp              Summ           5%         N/A       21%         2
c - Blink                 Tloc           N/A        N/A       21%         2

Your spell library contained the following spells:

 Spells                   Type           Power      Damage    Failure   Level
 Summon Small Mammal      Summ           20%        N/A       13%         1
 Slow                     Hex            2%         N/A       30%         2
 Call Canine Familiar     Summ           5%         N/A       36%         3
 Conjure Flame            Conj/Fire      3%         6-21      43%         3
 Summon Guardian Golem    Hex/Summ       3%         N/A       43%         3
 Mephitic Cloud           Conj/Pois/Air  3%         N/A       45%         3
 Summon Ice Beast         Ice/Summ       3%         N/A       85%         4
 Summon Lightning Spire   Summ/Air       3%         N/A       85%         4


Dungeon Overview and Level Annotations

Branches:
Dungeon (2/15)

Altars:

Annotations:
D:2 Jessica


Innate Abilities, Weirdness & Mutations

Your serpentine skin is tough. (AC +1)
You have supernaturally acute eyesight. (SInv)
Armour fits poorly on your strangely shaped body.
Your system is resistant to poisons. (rPois)
You cover ground very slowly.
You can spit poison.
You have a snake-like lower body.


Message History

The splash of poison misses Jessica.
Jessica casts a spell.
Jessica blinks!
Unknown command.
You hit the dart slug.
The dart slug is lightly wounded.
You hit the dart slug.
The dart slug is moderately wounded.
The dart slug bites you but does no damage.
Jessica drinks a potion.
Jessica seems to grow stronger.
You barely miss the dart slug.
The dart slug is moderately wounded.
The dart slug launches a dart at you. The slug dart hits you.
You hit the dart slug but do no damage.
The dart slug is moderately wounded.
The dart slug misses you.
You feel very mighty all of a sudden.
You puncture the dart slug!
You kill the dart slug!
You have got your breath back.
Jessica gestures wildly while chanting.
Jessica seems to speed up.
Jessica casts a spell.
Jessica blinks!
Things that are here:
a +0 dagger; a goblin corpse You barely miss the worm.
The worm closely misses you. Jessica gestures at you while chanting.
Pain shoots through your body!
* * * LOW HITPOINT WARNING * * *
Unknown command.
You hit Jessica.
Jessica is almost dead.
Jessica casts a spell.
Jessica blinks!
You barely miss the worm.
Jessica gestures wildly while chanting.
Jessica blinks!
The worm bites you!
You die...

# +#.#.......# #.
..#.......#
#.###.#.......#
#.....#.......#
#>............w.
#####
#.##..#@########
#...# #...#...#
#.#.# #..####.#
#.#.# #@..§@w§#
#...# #.#######
#.####### #.#
........# #.#
...####.# #.#
..<...#.# #.#
##.##.#.####.#
......#....#'######
########..........#


You could see a worm and Jessica (fast, strong).

Vanquished Creatures
  A dart slug (D:2)
  6 bats (D:1)
  A giant cockroach (D:1)
  4 goblins
  3 hobgoblins (D:1)
  A kobold (D:1)
  A ball python (D:1)
  2 frilled lizards (D:1)
  4 rats (D:1)
23 creatures vanquished.

Vanquished Creatures (collateral kills)
  2 endoplasms (D:1)
  A goblin (D:1)
  A bat (D:1)
  A frilled lizard (D:1)
5 creatures vanquished.

Grand Total: 28 creatures vanquished

Notes
Turn   | Place    | Note
-------+----------+-------------------------------------------
     0 | D:1      | Shayle the Naga Hedge Wizard began the quest for the Orb.
     0 | D:1      | Reached XP level 1. HP: 15/15 MP: 4/4
   269 | D:1      | Reached XP level 2. HP: 7/24 MP: 6/6
   514 | D:1      | Reached skill level 1 in Invocations
   881 | D:1      | Reached skill level 1 in Fighting
  1239 | D:1      | Learned a level 2 spell: Call Imp
  1242 | D:1      | Learned a level 2 spell: Blink
  1264 | D:1      | Reached XP level 3. HP: 27/31 MP: 2/7
  1556 | D:2      | Noticed Jessica
  1580 | D:2      | Slain by a worm

Illustrated notes

Levels and vault maps discovered:
D:1:      amcnicky_arrival_blooded_trapdoor, layout_basic
D:2:      layout_basic, serial_shops, shop, basic_altar, uniq_jessica

Skill      XL: |  1  2 |
---------------+-------+-----
Invocations    | 1 |  1.5
Fighting       | 1 |  1.4
Dodging        | 2 |  2.0
Stealth        | |  3.0
Spellcasting   | |  3.0
Conjurations   | |  1.0
Summonings     | |  1.0
Translocations | |  1.0

Action                   || total
-------------------------++-------
Melee: Dagger            ||    63
 Cast: Magic Dart        ||    15
       Call Imp          ||     3
 Abil: Spit Poison       ||    12
  Use: Potion            ||     1
 Stab: Sleeping          ||     3
Armor: Robe              ||    22
Dodge: Dodged            ||    44

Table legend: (Time is in decaauts)
 A = Elapsed time spent in this place.
 B = Non-inter-level travel time spent in this place.
 C = Inter-level travel time spent in this place.
 D = Time resting spent in this place.
 E = Time spent auto-exploring this place.
 F = Levels seen in this place.
 G = Mean time per level.
                   A        B        C        D        E       F      G
               +--------+--------+--------+--------+--------+-----+--------+
         Total |   1800 |   1795 |      5 |    678 |    795 |   2 |  900.0 |
       Dungeon |   1800 |   1795 |      5 |    678 |    795 |   2 |  900.0 |
               +--------+--------+--------+--------+--------+-----+--------+

Top non-repeatable levels by time:
     D:1: 1626 daAuts
     D:2: 174 daAuts
